 Dungeon Sprint DCSS version 0.31-a0-66-ge618eeaa78 (webtiles) character file.

Game seed: 11384979993231515523

571 sircluck the Grappler (level 7, 0/79 HPs)
             Began as a Troll Berserker on May 22, 2023.
             Was a Follower of Trog.
             Killed from afar by a rime drake (20 damage)
             ... with an icy flash freeze
             ... in the Dungeon (Sprint VII: "The Pits").
             The game lasted 00:00:24 (36 turns).

sircluck the Grappler (Troll Berserker)               Turns: 36, Time: 00:00:24

Health: 0/79       AC:  4    Str: 28    XL:     7   Next: 11%
Magic:  6/6        EV: 11    Int:  3    God:    Trog [*.....]
Gold:   0          SH:  0    Dex:  9    Spells: 6/6 levels left

rFire   . .          .
                       - Unarmed
rCold   . . .        (no shield)
rNeg    . . .        a - +0 animal skin
rPois   .            (helmet restricted)
rElec   .            (no cloak)
rCorr   .            (gloves unavailable)
SInv    .            (boots unavailable)
Will    .....        (no amulet)
Stlth   +            (no ring)
HPRegen 1.13/turn    (no ring)
MPRegen 0.10/turn

%: no teleportation
@: on berserk cooldown, slowed, very slow
A: large, unfitting armour, claws 3, regeneration 1, shaggy fur 1, tough skin 1
a: Renounce Religion, Berserk


You were in the Dungeon.
You worshipped Trog.
Trog was aware of your devotion.
You visited 1 branch

Inventory:

Armour
 a - a +0 animal skin (worn)
Scrolls
 g - a scroll of blinking
Potions
 b - a potion of curing
 c - a potion of heal wounds
 d - a potion of haste
 e - 2 potions of magic
 f - a potion of berserk rage


   Skills:
 + Level 7.8 Fighting
 + Level 7.6 Dodging
 + Level 9.8 Unarmed Combat


You had 6 spell levels left.
You didn't know any spells.
Your spell library was empty.

Dungeon Overview and Level Annotations

Branches:
Dungeon (1/1)

Altars:


Innate Abilities, Weirdness & Mutations

You are too large for most types of armour.
You have claws for hands.
Your natural rate of healing is unusually fast.
You are covered in fur. (AC +1)
You have tough skin. (AC +1)


Message History

* * * LOW HITPOINT WARNING * * *
You mangle the two-headed ogre!!
The two-headed ogre is almost dead.
You scratch the two-headed ogre.
You kill the two-headed ogre!
Trog accepts your kill.
The orc wizard points at you and mumbles some strange words.
You are confused.
The orc hits you but does no damage.
Your Fighting skill gained 5 levels and is now at level 7!
Your Dodging skill gained 5 levels and is now at level 7!
Your Unarmed Combat skill gained 6 levels and is now at level 9!
You have reached level 2!
You have reached level 3!
Your experience leads to an increase in your attributes!
Increase (S)trength, (I)ntelligence, or (D)exterity?
You feel stronger. x3
You have reached level 4!
You have reached level 5!
You have reached level 6!
You feel stronger.
You have reached level 7!
Unknown command.
Unknown command.
You closely miss the orc. The orc barely misses you.
You feel a strong urge to attack something.
You are no longer berserk.
You are exhausted.
You feel yourself slow down.
You scratch the orc but do no damage. The orc hits you with a +0 hand axe.
* * * LOW HITPOINT WARNING * * *
The orc wizard hits you with a +0 dagger.
* * * LOW HITPOINT WARNING * * *
The orc wizard completely misses you. The orc attacks as you move away!
The orc barely misses you.
You feel less confused. The rime drake breathes ice at you.
The icy flash freeze hits you!!
You die...

##########++######
#................#
#......#..#......#
#...........@....+
+..........o.....+
#......#..#ook...#
#................#
####'#####)'######
#.......##''#
#.......##..##
#.......##...#
#...<...###...#


You could see a rime drake (catching breath), an orc wizard and 2 orcs.

Vanquished Creatures
  A two-headed ogre (D)
1 creature vanquished.

Notes
Turn   | Place    | Note
-------+----------+-------------------------------------------
     0 | D        | sircluck the Troll Berserker began the quest for the Orb.
     0 | D        | Reached XP level 1. HP: 22/22 MP: 0/0
    16 | D        | Noticed an orc wizard
    16 | D        | Noticed a rime drake
    16 | D        | Noticed a two-headed ogre
    29 | D        | Killed a two-headed ogre
    30 | D        | Reached skill level 9 in Unarmed Combat
    30 | D        | Reached XP level 2. HP: 14/41 MP: 1/1
    30 | D        | Reached XP level 3. HP: 16/48 MP: 2/2
    30 | D        | Reached XP level 4. HP: 19/57 MP: 3/3
    30 | D        | Reached XP level 5. HP: 21/63 MP: 4/4
    30 | D        | Reached XP level 6. HP: 25/72 MP: 5/5
    30 | D        | Reached XP level 7. HP: 27/79 MP: 6/6
    36 | D        | Killed from afar by a rime drake

Illustrated notes

Levels and vault maps discovered:
D:        pitsprint [storerooms_1, entrance_room_1, metal_vault_5, armoury_3,
          mini_pit_1, grid_room_1, main_hall_1, silver_pit, the_coven_1,
          the_vestibule_1, steel_vault_2, golden_pit, hallway_of_sentries,
          crystal_vault_2, iron_vault_2, final_vault]

Skill      XL: |  1 |
---------------+----+-----
Fighting       | 7 |  7.8
Dodging        | 7 |  7.6
Unarmed Combat | 9 |  9.8

Action                     |  1- 3 |  4- 6 |  7- 9 || total
---------------------------+-------+-------+-------++-------
  Melee: Unarmed           |     4 |       |     2 ||     6
 Invoke: Berserk           |     1 |       |       ||     1
 Armour: Animal skin       |     1 |       |       ||     1
  Dodge: Dodged            |     1 |       |     3 ||     4

Table legend: (Time is in decaauts)
 A = Elapsed time spent in this place.
 B = Non-inter-level travel time spent in this place.
 C = Inter-level travel time spent in this place.
 D = Time resting spent in this place.
 E = Time spent auto-exploring this place.
 F = Levels seen in this place.
 G = Mean time per level.
                   A        B        C        D        E       F      G
               +--------+--------+--------+--------+--------+-----+--------+
         Total |     33 |     33 |      0 |      4 |     16 |   1 |   33.0 |
       Dungeon |     33 |     33 |      0 |      4 |     16 |   1 |   33.0 |
               +--------+--------+--------+--------+--------+-----+--------+

Top non-repeatable levels by time:
       D: 33 daAuts
